 Dungeon Crawl Stone Soup version 0.31-a0-237-g2d982f9f85 (webtiles) character file.

Game seed: 14001782792395557527

77 qw the Shooter (level 4, 0/26 HPs)
             Began as a Gargoyle Hexslinger on July 11, 2023.
             Slain by an orc
             ... wielding a +0 hand axe
              (6 damage)
             ... on level 3 of the Dungeon.
             The game lasted 00:00:43 (1499 turns).

qw the Shooter (Gargoyle Hexslinger)                Turns: 1499, Time: 00:00:43

Health: 0/26       AC:  8    Str: 12    XL:     4   Next: 33%
Magic:  5/5        EV: 10    Int: 13    God:
Gold:   56         SH:  0    Dex: 14    Spells: 4/5 levels left

rFire   . . .        Y - +1 sling
rCold   . . .        (no shield)
rNeg    + . .        b - +0 ring mail
rPois   inf          (no helmet)
rElec   +            (no cloak)
rCorr   .            (no gloves)
SInv    .            (no boots)
Will    .....        (no amulet)
Stlth   +            (no ring)
HPRegen 0.24/turn    (no ring)
MPRegen 0.09/turn

%: no passive effects
@: no status effects
A: sickness immunity, AC +3, negative energy resistance 1, electricity
resistance, torment resistance 1, petrification resistance
a: no special abilities


You were on level 3 of the Dungeon.
You visited 1 branch of the dungeon, and saw 3 of its levels.

You collected 56 gold pieces.


Innate Abilities, Weirdness & Mutations

You are immune to sickness and miasma.
Your stone body is resilient. (AC +3)
You are immune to poison.
You resist negative energy. (rN+)
You are resistant to electric shocks. (rElec)
You are resistant to unholy torment.
You are immune to petrification.


   Skills:
 - Level 2.1 Fighting
 - Level 4.0 Ranged Weapons
 + Level 0.5 Armour
 - Level 1.5 Dodging
 - Level 1.0 Spellcasting
 - Level 2.6 Hexes


You had 4 spell levels left.
You knew the following spells:

 Your Spells              Type           Power      Damage    Failure   Level
a - Slow                  Hex            28%        N/A       22%         1

Your spell library contained the following spells:

 Spells                   Type           Power      Damage    Failure   Level
 Inner Flame              Hex/Fire       4%         N/A       73%         3
 Portal Projectile        Hex/Tloc       8%         N/A       73%         3
 Cause Fear               Hex            3%         N/A       91%         4

Inventory:

Hand Weapons
 Y - a +1 sling (weapon)
Armour
 b - a +0 ring mail (worn)
Scrolls
 a - a scroll of identify

Dungeon Overview and Level Annotations

Branches:
Dungeon (3/15)

Altars:

Shops:
D:1 :


Message History

You shoot a sling bullet.
The sling bullet closely misses the kobold.
The kobold hits you but does no damage. The orc misses you.
You shoot a sling bullet. The sling bullet misses the kobold.
The kobold hits you but does no damage. The orc hits you but does no damage.
An orc comes into view. It is wielding a +0 hand axe.
The orc hits you with a +0 dagger. The jackal completely misses you.
The orc hits you with a +0 hand axe. The kobold hits you but does no damage.
You shoot a sling bullet. The sling bullet hits the kobold.
You kill the kobold!
The jackal bites you but does no damage.
The orc hits you with a +0 dagger. The orc misses you. The jackal bites you.
The adder bites you. The orc hits you with a +0 dagger.
You shoot a sling bullet. The sling bullet hits the orc.
The orc is moderately wounded.
The jackal bites you but does no damage.
The orc hits you with a +0 hand axe. The adder barely misses you.
The orc hits you but does no damage. The jackal closely misses you.
You shoot a sling bullet.
The sling bullet closely misses the orc.
The sling bullet hits the kobold.
You kill the kobold!
The adder bites you but does no damage. The orc hits you with a +0 hand axe.
The jackal bites you but does no damage.
The orc hits you with a +0 dagger. The adder bites you but does no damage.
The orc barely misses you. The jackal bites you.
You shoot a sling bullet. The sling bullet hits the orc.
The orc is heavily wounded.
The adder bites you. The orc barely misses you.
The jackal pauses to sniff the ground.
The jackal bites you but does no damage.
The orc barely misses you. The adder bites you but does no damage.
The orc hits you with a +0 dagger.
You shoot a sling bullet. The sling bullet barely misses the orc.
The jackal bites you but does no damage.
The adder closely misses you.
The jackal bites you but does no damage.
The orc hits you but does no damage. The adder closely misses you.
The orc hits you with a +0 hand axe.
You die...

####### .....# #
....#=###
##.#######.h......
.........o@oJ.....
##.....<##oS......
..........)(......
###.######.%......
.. ......... ##
#######~~ .


You could see an adder, 3 orcs, an endoplasm and a jackal.

Vanquished Creatures
  3 adders (D:2)
  3 ball pythons (D:2)
  3 endoplasms
  3 giant cockroaches
  2 goblins
  2 hobgoblins
  5 jackals
  4 quokkas
  4 bats
  5 frilled lizards
  9 kobolds
  5 rats
48 creatures vanquished.

Vanquished Creatures (others)
  An orc (D:3)
1 creature vanquished.

Grand Total: 49 creatures vanquished

Notes
Turn   | Place    | Note
-------+----------+-------------------------------------------
     0 | D:1      | qw the Gargoyle Hexslinger began the quest for the Orb.
     0 | D:1      | Reached XP level 1. HP: 12/12 MP: 2/2
     0 | D:1      | 0 ||| qw: Version: 0.3-a-52-g30416fa
     0 | D:1      | 0 ||| qw: Game counter: 5808
     0 | D:1      | 0 ||| qw: Melee chars always use a shield: true
     0 | D:1      | 0 ||| qw: God list: Okawaru
     0 | D:1      | 0 ||| qw: Allow faded altars: false
     0 | D:1      | 0 ||| qw: Do Orc after clearing Dungeon:15 true
     0 | D:1      | 0 ||| qw: Do second Lair branch before Depths: true
     0 | D:1      | 0 ||| qw: Lair rune preference: random
     0 | D:1      | 0 ||| qw: Goals: Normal
     0 | D:1      | 0 ||| PLANNING D:1-11
   167 | D:1      | Reached XP level 2. HP: 16/16 MP: 3/3
   183 | D:1      | Noticed a walking divine tome
   185 | D:1      | Found Daoplep's Book Shop.
   186 | D:1      | 186 ||| READING 2 scrolls labelled AVO QUEBERILE.
   187 | D:1      | 187 ||| READING 2 scrolls labelled KAJE TEIKUASITAI.
   188 | D:1      | 188 ||| READING scroll labelled ZYSIVU IQEHA.
   189 | D:1      | 189 ||| READING scroll labelled UTUAFE VIATA.
   190 | D:1      | 190 ||| READING scroll labelled MATEKHEPUQ.
   194 | D:1      | Noticed a walking crystal tome
   201 | D:1      | 201 ||| READING scroll labelled DEISEL YKHLO.
   202 | D:1      | 202 ||| DROPPING scroll of poison.
   203 | D:1      | 203 ||| DROPPING scroll of revelation.
   284 | D:1      | Reached skill level 3 in Ranged Weapons
   641 | D:1      | 641 ||| READING 2 scrolls of identify.
   641 | D:1      | 641 ||| IDENTIFYING red potion
   642 | D:1      | 642 ||| DROPPING potion of attraction.
   714 | D:2      | Reached XP level 3. HP: 18/21 MP: 4/4
   921 | D:2      | Found a faded altar of an unknown god.
   929 | D:2      | Reached XP level 4. HP: 26/26 MP: 5/5
  1377 | D:2      | Reached skill level 4 in Ranged Weapons
  1431 | D:2      | 1431 ||| UPGRADING to +0 ring mail.
  1441 | D:2      | 1441 ||| DROPPING +0 robe.
  1442 | D:2      | 1442 ||| READING scroll labelled HOCODE IPEUCY.
  1476 | D:3      | 1476 ||| PLANNING SEWER
  1498 | D:3      | HP: 6/26 [orc/+0 dagger (1)]
  1499 | D:3      | Slain by an orc

Levels and vault maps discovered:
D:1:      saegor_arrival_fortress, layout_rooms, serial_shops,
          nicolae_shop_mannequins
D:2:      layout_loops_ring, ebering_ecumenical_altar_petrified
D:3:      layout_basic, xom_confusion_cloud, serial_shops,
          nicolae_shop_tiny_waterfront, portal_sewer_entry_f, uniq_ijyb

Skill      XL: |  1  2  3  4 |
---------------+-------------+-----
Ranged Weapons | 3 4 |  4.0
Fighting       | 2 |  2.1
Armour         | |  0.5
Dodging        | |  1.5
Spellcasting   | |  1.0
Hexes          | |  2.6

Action                     |  1- 3 |  4- 6 || total
---------------------------+-------+-------++-------
   Fire: Sling             |   134 |    47 ||   181
    Use: Scroll            |     7 |     1 ||     8
 Armour: Robe              |    26 |       ||    26
         Ring mail         |       |    19 ||    19
  Dodge: Dodged            |    70 |    19 ||    89

Table legend:
 A = Non-vault XP
 B = Vault XP
 C = Vault XP percentage of total XP
 D = Non-vault monster count
 E = Vault monster count
 F = Vault count percentage of total count
                 A         B        C        D         E       F
            +---------+---------+-------+---------+---------+-------
      Total |     104 |       6 |   5.5 |      44 |       4 |   8.3
            +---------+---------+-------+---------+---------+-------
        D:1 |      25 |       0 |   0.0 |      17 |       0 |   0.0
        D:2 |      75 |       0 |   0.0 |      25 |       0 |   0.0
        D:3 |       4 |       6 |  60.0 |       2 |       4 |  66.7
            +---------+---------+-------+---------+---------+-------
